 Dungeon Crawl Stone Soup version 0.23.2-40-g277498a001 (webtiles) character file.

Game seed: 13576169129857614577

212 Honti the Magician (level 5, 37/37 HPs)
             Began as a Gnoll Wizard on Aug 7, 2019.
             Quit the game on level 3 of the Dungeon on Sept 16, 2019.
             The game lasted 00:10:06 (2684 turns).

Honti the Magician (Gnoll Wizard)                   Turns: 2684, Time: 00:10:07

Health: 37/37      AC:  2    Str: 10    XL:     5   Next: 90%
Magic:  14/14      EV: 14    Int: 21    God:
Gold:   83         SH:  0    Dex: 13    Spells: 7/18 levels left

rFire    . . .     SeeInvis .   e - +0 dagger
rCold    . . .     Gourm    .   (no shield)
rNeg     . . .     Faith    .   a - +0 robe
rPois    .         Spirit   .   b - +0 hat
rElec    .         Reflect  .   (no cloak)
rCorr    .         Harm     .   (no gloves)
MR       .....                  (no boots)
Stlth    +++.......             (no amulet)
HPRegen  0.12/turn              (no ring)
MPRegen  0.14/turn              (no ring)

@: no status effects
A: distributed training, fangs 1, strong nose
a: no special abilities


You were on level 3 of the Dungeon.
You were not hungry.

You visited 1 branch of the dungeon, and saw 4 of its levels.

You collected 83 gold pieces.

Inventory:

Hand Weapons
 c - a +0 short sword
 e - a +0 dagger (weapon)
Armour
 a - a +0 robe (worn)
 b - a +0 hat (worn)
Wands
 n - a wand of flame (25)
Scrolls
 f - a scroll of magic mapping {unknown}
 g - 2 scrolls of blinking {unknown}
 h - a scroll of immolation {unknown}
 j - a scroll of fear {unknown}
 k - a scroll of enchant weapon {unknown}
 m - 2 scrolls of identify
 o - a scroll of amnesia {unknown}
 p - a scroll of teleportation {unknown}
Potions
 l - a potion of haste
Comestibles
 d - a ration
 i - 3 chunks of flesh


   Skills:
 + Level 1.6 Fighting
 + Level 1.6 Short Blades
 + Level 1.6 Long Blades
 + Level 1.6 Axes
 + Level 1.6 Maces & Flails
 + Level 1.6 Polearms
 + Level 1.6 Staves
 + Level 1.6 Slings
 + Level 1.6 Bows
 + Level 1.6 Crossbows
 + Level 1.6 Throwing
 + Level 1.6 Armour
 + Level 4.8 Dodging
 + Level 4.4 Stealth
 + Level 1.6 Shields
 + Level 1.6 Unarmed Combat
 + Level 7.3 Spellcasting
 + Level 2.4 Conjurations
 + Level 1.3 Hexes
 + Level 1.3 Charms
 + Level 2.4 Summonings
 + Level 1.3 Necromancy
 + Level 2.4 Translocations
 + Level 1.3 Transmutations
 + Level 1.3 Fire Magic
 + Level 1.3 Ice Magic
 + Level 1.3 Air Magic
 + Level 1.3 Earth Magic
 + Level 1.3 Poison Magic
 + Level 1.8 Invocations
 + Level 1.6 Evocations


You had 7 spell levels left.
You knew the following spells:

 Your Spells              Type           Power        Failure   Level  Hunger
a - Magic Dart            Conj           ###.         3%          1    None
b - Call Imp              Summ           ###.....     4%          2    None
c - Blink                 Tloc           N/A          4%          2    None
d - Conjure Flame         Conj/Fire      ###.....     12%         3    None
e - Mephitic Cloud        Conj/Pois/Air  ##......     13%         3    None

Your spell library contained the following spells:

 Spells                   Type           Power        Failure   Level  Hunger
 Slow                     Hex            ##......     8%          2    None


Dungeon Overview and Level Annotations

Branches:
Dungeon (4/15)
 Temple: D:4-7

Altars:
Trog


Innate Abilities, Weirdness & Mutations

Your experience applies equally to all skills.
You have very sharp teeth.
Your uncanny sense of smell can sniff out nearby items.


Message History

You butcher the adder corpse.
i - 3 chunks of flesh (gained 2)
You see here an adder skeleton.
You start resting.
Your iron imp disappears in a puff of smoke!
Your shadow imp disappears in a puff of smoke!
Magic restored.
You start resting.
HP restored.
Things that are here:
a +0 club; a +0 chain mail; an orc skeleton
There is a stone staircase leading up, spattered with blood here.
Save game and exit?
Welcome back, Honti the Gnoll Wizard.
Press ? for a list of commands and other information.
Unknown command.
Are you sure you want to abandon this character and quit the game? (Confirm with "yes".)
Okay, then.
Unknown command.
Are you sure you want to abandon this character and quit the game? (Confirm with "yes".)

........#........## ..
.............###)o####
.............# ##.....
.............###...##.
.........######.......
.#####>.# #.......÷
#...## #......>. #.###
#........ ##@#
##....... #.[#
##...... #÷## ####.##
#.# ...# #.# ##### #.#
#.# #.# ...


There were no monsters in sight!

Vanquished Creatures
  2 orc priests (D:3)
  Natasha (thrice) (D:2)
  An adder (D:2)
  2 dart slugs (D:2)
  4 leopard geckos
  2 orcs (D:3)
  4 bats
  A giant cockroach (D:2)
  5 hobgoblins
  A jackal (D:2)
  5 frilled lizards
  9 goblins
  5 kobolds
  3 rats
47 creatures vanquished.

Vanquished Creatures (collateral kills)
  An orc priest (D:3)
  An adder (D:3)
  An orc (D:3)
  A bat (D:3)
  A giant cockroach (D:2)
  A goblin (D:2)
  2 jackals (D:2)
  A quokka (D:2)
9 creatures vanquished.

Grand Total: 56 creatures vanquished

Notes
Turn   | Place    | Note
-------+----------+-------------------------------------------
     0 | D:1      | Honti the Gnoll Wizard began the quest for the Orb.
     0 | D:1      | Reached XP level 1. HP: 13/13 MP: 8/8
   354 | D:1      | Reached XP level 2. HP: 17/19 MP: 6/10
  1237 | D:1      | Learned a level 2 spell: Call Imp
  1246 | D:2      | Reached XP level 3. HP: 25/25 MP: 7/11
  1373 | D:2      | Noticed Natasha
  1378 | D:2      | Killed Natasha
  1378 | D:2      | Reached skill level 1 in Fighting
  1378 | D:2      | Reached skill level 1 in Short Blades
  1378 | D:2      | Reached skill level 1 in Long Blades
  1378 | D:2      | Reached skill level 1 in Axes
  1378 | D:2      | Reached skill level 1 in Maces & Flails
  1378 | D:2      | Reached skill level 1 in Polearms
  1378 | D:2      | Reached skill level 1 in Staves
  1378 | D:2      | Reached skill level 1 in Slings
  1378 | D:2      | Reached skill level 1 in Bows
  1378 | D:2      | Reached skill level 1 in Crossbows
  1378 | D:2      | Reached skill level 1 in Throwing
  1378 | D:2      | Reached skill level 1 in Armour
  1378 | D:2      | Reached skill level 1 in Shields
  1378 | D:2      | Reached skill level 1 in Unarmed Combat
  1378 | D:2      | Reached skill level 1 in Invocations
  1378 | D:2      | Reached skill level 1 in Evocations
  1384 | D:2      | Reached XP level 4. HP: 24/32 MP: 2/13
  1534 | D:2      | Noticed Natasha
  1539 | D:2      | Killed Natasha
  1594 | D:2      | Noticed Natasha
  1603 | D:2      | Killed Natasha
  1603 | D:2      | Reached skill level 1 in Hexes
  1603 | D:2      | Reached skill level 1 in Charms
  1603 | D:2      | Reached skill level 1 in Necromancy
  1603 | D:2      | Reached skill level 1 in Transmutations
  1603 | D:2      | Reached skill level 1 in Fire Magic
  1603 | D:2      | Reached skill level 1 in Ice Magic
  1603 | D:2      | Reached skill level 1 in Air Magic
  1603 | D:2      | Reached skill level 1 in Earth Magic
  1603 | D:2      | Reached skill level 1 in Poison Magic
  1867 | D:2      | Reached XP level 5. HP: 37/37 MP: 4/14
  2115 | D:2      | Found a bloodstained altar of Trog.
  2298 | D:3      | Learned a level 2 spell: Blink
  2302 | D:3      | Learned a level 3 spell: Conjure Flame
  2306 | D:3      | Learned a level 3 spell: Mephitic Cloud
  2684 | D:3      | Upgraded the game from 0.23.2-33-g5129a83184 to
                  | 0.23.2-40-g277498a001
  2684 | D:3      | Quit the game

Skill      XL: |  1  2  3  4 |
---------------+-------------+-----
Conjurations   | 2 |  2.4
Summonings     | 2 |  2.4
Translocations | 2 |  2.4
Fighting       | 1 |  1.6
Short Blades   | 1 |  1.6
Long Blades    | 1 |  1.6
Axes           | 1 |  1.6
Maces & Flails | 1 |  1.6
Polearms       | 1 |  1.6
Staves         | 1 |  1.6
Slings         | 1 |  1.6
Bows           | 1 |  1.6
Crossbows      | 1 |  1.6
Throwing       | 1 |  1.6
Armour         | 1 |  1.6
Shields        | 1 |  1.6
Unarmed Combat | 1 |  1.6
Invocations    | 1 |  1.8
Evocations     | 1 |  1.6
Hexes          | 1 |  1.3
Charms         | 1 |  1.3
Necromancy     | 1 |  1.3
Transmutations | 1 |  1.3
Fire Magic     | 1 |  1.3
Ice Magic      | 1 |  1.3
Air Magic      | 1 |  1.3
Earth Magic    | 1 |  1.3
Poison Magic   | 1 |  1.3
Dodging        | |  4.8
Stealth        | |  4.4
Spellcasting   | |  7.3

Action                   |  1- 3 |  4- 6 || total
-------------------------+-------+-------++-------
Melee: Short sword       |     3 |       ||     3
       Dagger            |    19 |    26 ||    45
       Bite              |     1 |     1 ||     2
 Cast: Magic Dart        |    42 |    60 ||   102
       Call Imp          |       |    14 ||    14
       Conjure Flame     |       |     1 ||     1
       Mephitic Cloud    |       |     1 ||     1
  Use: Scroll            |       |     1 ||     1
 Stab: Sleeping          |     4 |     1 ||     5
  Eat: Chunk             |     1 |     4 ||     5
Armor: Robe              |     4 |    20 ||    24
Dodge: Dodged            |    20 |    59 ||    79
